 Dungeon Sprint DCSS version 0.16.1-18-g436b03c (webtiles) character file.

61 Vrock the Covert (level 3, -3/18 HPs)
             Began as a Spriggan Assassin on May 16, 2015.
             Splashed by an oklob sapling priest's acid (6 damage)
             ... in the Dungeon (Sprint IV: "Fedhas' Mad Dash").
             The game lasted 00:02:34 (141 turns).

Vrock the Covert (Spriggan Assassin)                 Turns: 141, Time: 00:02:36

Health: -3/18      AC: -2    Str:  7    XL:     3   Next: 83%
Magic:  4/6        EV: 17    Int: 12    God:
Gold:   59         SH:  0    Dex: 18    Spells: 0 memorised, 2 levels left

rFire  . . .     SeeInvis +     a - +2 dagger
rCold  . . .     Clarity  .     c - +0 robe
rNeg   . . .     SustAb   .     (shield restricted)
rPois  .         Gourm    .     (helmet restricted)
rElec  .         Spirit   .     d - +0 cloak
rCorr  .         Warding  .     (gloves unavailable)
rMut   .         NoTele   +     (boots unavailable)
MR     .....                    (no amulet)
Stlth  ++++++....               (no ring)
                                n - ring of invisibility

@: corroded equipment, very slightly contaminated, invisible, very quick, not
resistant to hostile enchantments, very stealthy
A: unfitting armour, see invisible, herbivore 3, speed 3, slow metabolism 2
a: Turn Visible


You were in the Dungeon.
You were not hungry.

You visited 1 branch You collected 59 gold pieces.

Inventory:

Hand weapons
 a - a +2 dagger (weapon)
 b - a +0 blowgun
Missiles
 e - 7 poisoned needles
 f - 2 curare-tipped needles
Armour
 c - a +0 robe (worn)
 d - a +0 cloak (worn)
Jewellery
 n - a ring of invisibility (left hand)
Scrolls
 m - a scroll of blinking
Potions
 h - a potion of curing
 i - a potion of heal wounds
 j - a potion of haste
 k - 2 potions of magic
 l - a potion of berserk rage
Comestibles
 g - a bread ration


   Skills:
 - Level 1.5 Fighting
 - Level 2.1 Short Blades
 - Level 2.1 Throwing
 - Level 1.5 Dodging
 + Level 12.6 Stealth


You had 2 spell levels left.
You didn't know any spells.

Dungeon Overview and Level Annotations

Branches:
Dungeon (1/1)

Altars:
Cheibriados
Dithmenos
Elyvilon
Gozag
Kikubaaqudgha
Makhleb
Nemelex Xobeh
Okawaru
Qazlal
Ru
Sif Muna
Trog
Vehumet
Xom
Yredelemnul
Zin
The Shining One
Beogh
Jiyva
Lugonu

Annotations:
D exclusion: oklob sapling


Innate Abilities, Weirdness & Mutations

You are tiny and cannot use many weapons and most armour.
You have supernaturally acute eyesight.
You are a herbivore.
You cover ground extremely quickly.
You need consume almost no food.


Message History

The oklob sapling priest spits acid at you.
The splash of acid misses you.
There is an open door here.
The oklob sapling priest spits acid at something.
The splash of acid misses you.
Found an iron altar of Okawaru.
There is a snail-covered altar of Cheibriados here.
Found an opulent altar of Gozag and a shimmering altar of Xom.
Found a basalt altar of Yredelemnul.
There is a glowing silver altar of Zin here.
Found a stormy altar of Qazlal and a roughly hewn altar of Beogh.
You hit the oklob sapling priest but do no damage.
You hit the oklob sapling priest but do no damage.
You hit the oklob sapling priest but do no damage.
The oklob sapling priest spits acid at you.
The splash of acid hits you!
Ouch! That really hurt!
* * * LOW HITPOINT WARNING * * *
The acid corrodes your equipment!
The acid burns!
You die...

########################
.....#.....#.⌠.........⌠.
†)...'.#.(.'._._@_._._._.
.....#.#...#_._._P_._._._
#########+##._._._._._._
#.⌠...._....⌠
#############


You could see an oklob sapling priest.

Vanquished Creatures
  A worker ant (D)
  An oklob sapling (D)
  A river rat (D)
  A rat (D)
4 creatures vanquished.

Notes
Turn   | Place    | Note
--------------------------------------------------------------
     0 | D        | Vrock, the Spriggan Assassin, began the quest for the Orb.
     0 | D        | Reached XP level 1. HP: 10/10 MP: 2/2
    14 | D        | Reached skill level 8 in Stealth
    14 | D        | Reached XP level 2. HP: 12/14 MP: 4/4
    18 | D        | Reached skill level 9 in Stealth
    69 | D        | Noticed an oklob sapling
    70 | D        | Killed an oklob sapling
    70 | D        | Reached skill level 11 in Stealth
    70 | D        | Reached XP level 3. HP: 18/18 MP: 6/6
    73 | D        | Noticed a worker ant
    85 | D        | Killed a worker ant
    85 | D        | Reached skill level 12 in Stealth
   118 | D        | Found a snail-covered altar of Cheibriados.
   118 | D        | Found a glowing silver altar of Zin.
   118 | D        | Found a white marble altar of Elyvilon.
   118 | D        | Found a viscous altar of Jiyva.
   118 | D        | Found a radiant altar of Vehumet.
   118 | D        | Found a deep blue altar of Sif Muna.
   118 | D        | Found a burning altar of Makhleb.
   118 | D        | Found an ancient bone altar of Kikubaaqudgha.
   118 | D        | Found a bloodstained altar of Trog.
   118 | D        | Found a corrupted altar of Lugonu.
   118 | D        | Noticed an oklob sapling priest
   119 | D        | Found a glowing golden altar of the Shining One.
   119 | D        | Found a sacrificial altar of Ru.
   120 | D        | Found a shadowy altar of Dithmenos.
   120 | D        | Found a sparkling altar of Nemelex Xobeh.
   135 | D        | Found an iron altar of Okawaru.
   136 | D        | Found an opulent altar of Gozag.
   136 | D        | Found a shimmering altar of Xom.
   137 | D        | Found a basalt altar of Yredelemnul.
   138 | D        | Found a stormy altar of Qazlal.
   138 | D        | Found a roughly hewn altar of Beogh.
   141 | D        | Splashed by an oklob sapling priest's acid

Action                   || total
-------------------------++-------
Melee: Dagger            ||     7
 Fire: Blowgun           ||     9
 Abil: Evoke Invisibilit ||     1
 Stab: Sleeping          ||     1
